 Dungeon Crawl Stone Soup version 0.20.0-6-gd3061e9 (webtiles) character file.

3787 mike2R the Summoner (level 10, -9/81 HPs)
             Began as a Merfolk Summoner on May 26, 2017.
             Was a Believer of Ru.
             Mangled by a centaur warrior
             ... wielding the +10 dark maul {crush}
              (55 damage)
             ... on level 8 of the Dungeon on May 28, 2017.
             The game lasted 01:41:32 (11314 turns).

mike2R the Summoner (Merfolk Summoner)             Turns: 11314, Time: 01:41:33

Health: -9/81      AC: 16    Str: 11      XL:     10   Next: 16%
Magic:  1/17       EV: 13    Int: 14      God:    Ru [**....]
Gold:   266        SH:  0    Dex: 16 (17) Spells: 2/19 levels left

rFire    x . .     SeeInvis .   a - +1 trident (protect)
rCold    . . .     Gourm    .   (no shield)
rNeg     . . .     Faith    .   o - +1 robe {rC+}
rPois    +         Spirit   .   (no helmet)
rElec    .         Reflect  .   L - +0 cloak
rCorr    .         Harm     .   (no gloves)
MR       .....     Rnd*Rage +   m - +0 pair of boots
Stlth    ++........             (no amulet)
Regen    0.3/turn               v - +4 ring of protection
MPRegen  0.2/turn               H - +3 ring of dexterity

@: about to teleport, protection aura, very slightly contaminated
A: change form in water, swift swim, stealthy swim, berserk 1, blurry vision 1,
deterioration 1, dopey 1, poison resistance, robust 1, temperature sensitive
a: Renounce Religion


You were on level 8 of the Dungeon.
You worshipped Ru.
Ru was pleased with you.
You were hungry.

You visited 2 branches of the dungeon, and saw 9 of its levels.
You also visited: Sewer.

You collected 484 gold pieces.
You spent 218 gold pieces at shops.

Inventory:

Hand Weapons
 a - a +1 trident of protection (weapon)
 b - the +4 arbalest of the Saviour {elec, MR+ Stlth+}
   (You bought it in a shop on level 8 of the Dungeon)

   It charges the ammunition it shoots with electricity; occasionally upon a
   hit, such missiles may discharge and cause terrible harm.
   It affects your resistance to hostile enchantments.
   It makes you more stealthy.
 B - a +4 quarterstaff of chaos
 I - a +3 spear
Missiles
 q - 48 bolts
Armour
 m - a +0 pair of boots (worn)
 o - a +1 robe of cold resistance (worn)
 L - a +0 cloak (worn)
 Q - a +0 leather armour of cold resistance
Jewellery
 v - a +4 ring of protection (left hand)
 H - a +3 ring of dexterity (right hand)
 R - an uncursed ring of poison resistance
Wands
 d - a wand of confusion (20/48)
 j - a wand of flame (22/48)
 J - a wand of random effects (28/48)
 K - a wand of disintegration (11/24)
 P - a wand of paralysis (19/24)
Scrolls
 f - 4 scrolls of amnesia
 h - 3 scrolls of teleportation
 k - 6 scrolls of recharging
 n - 4 scrolls of remove curse
 r - a scroll of enchant weapon {unknown}
 s - a scroll of blinking
 t - a scroll of fear
 y - 2 scrolls of fog
 O - a scroll of immolation {unknown}
Potions
 l - 4 potions of degeneration {unknown}
 u - a potion of magic
 w - 5 potions of curing
 x - 2 potions of might
 z - a potion of cancellation
 A - a potion of mutation
 C - 2 potions of flight
 D - 2 potions of heal wounds
 E - a potion of ambrosia
 F - a potion of haste {unknown}
 G - a potion of lignification
 N - a potion of berserk rage {unknown}
Books
 e - a book of Callings

   Spells                             Type                      Level
   a - Summon Small Mammal            Summoning                    1
   b - Call Imp                       Summoning                    2
   c - Call Canine Familiar           Summoning                    3
   d - Summon Guardian Golem          Hexes/Summoning              3
   e - Summon Lightning Spire         Summoning/Air                4
   f - Summon Ice Beast               Ice/Summoning                4
 p - a book of Flames

   Spells                             Type                      Level
   a - Flame Tongue                   Conjuration/Fire             1
   b - Throw Flame                    Conjuration/Fire             2
   c - Conjure Flame                  Conjuration/Fire             3
   d - Inner Flame                    Hexes/Fire                   3
   e - Sticky Flame                   Conjuration/Fire             4
   f - Fireball                       Conjuration/Fire             5
 M - a book of Necromancy

   Spells                             Type                      Level
   a - Pain                           Necromancy                   1
   b - Animate Skeleton               Necromancy                   1
   c - Vampiric Draining              Necromancy                   3
   d - Regeneration                   Charms/Necromancy            3
   e - Animate Dead                   Necromancy                   4
   f - Control Undead                 Necromancy                   4
Comestibles
 c - 5 bread rations
 g - 24 fruits
 i - 4 royal jellies
 S - 6 chunks of flesh


   Skills:
 - Level 5.4 Fighting
 - Level 4.8 Polearms
 + Level 4.7 Crossbows
 - Level 2.6 Dodging
 - Level 2.1 Stealth
 - Level 5.0 Spellcasting
 - Level 10.9 Summonings


You had 2 spell levels left.
You knew the following spells:

 Your Spells              Type           Power        Failure   Level  Hunger
a - Summon Small Mammal   Summ           ####         1%          1    None
b - Call Imp              Summ           ####....     1%          2    ##.....
c - Call Canine Familiar  Summ           ####....     1%          3    ###....
d - Summon Guardian Gole  Hex/Summ       ###.....     5%          3    ###....
e - Summon Ice Beast      Ice/Summ       ###.....     19%         4    ####...
f - Summon Lightning Spi  Summ/Air       ###.....     19%         4    ####...


Dungeon Overview and Level Annotations

Branches:
Dungeon (8/15)             Temple (1/1) D:6
   Lair: D:8-11

Altars:
Cheibriados
Dithmenos
Elyvilon
Fedhas
Gozag
Hepliaklqana
Kikubaaqudgha
Makhleb
Nemelex Xobeh
Okawaru
Qazlal
Ru
Sif Muna
Trog
Uskayaw
Xom
Yredelemnul
Zin
The Shining One

Shops:
D:6 !   D:8 *


Innate Abilities, Weirdness & Mutations

You revert to your normal form in water.
You are very nimble and swift while swimming.
You are very stealthy in the water. (Stealth+)
You are sensitive to extremes of temperature. (rF-, rC-)
You tend to lose your temper in combat.
Scrolls take you a little longer to read.
Your body sometimes deteriorates upon taking damage.
You are dopey. (Int -2)
Your system is resistant to poisons. (rPois)
You are robust. (+10% HP)


Message History

Your hound's corpse disappears in a puff of smoke!
Your ice beast closely misses the quasit.
Okay, then.
Really read with blurry vision while enemies are nearby?
The quasit barely misses you. x2; The quasit closely misses you.
You begin reading the scroll.
You continue reading the scroll.
The quasit bites you but does no damage.
The quasit barely misses you. The quasit completely misses you.
Your ice beast barely misses the centaur warrior.
As you read the scroll of teleportation, it crumbles to dust.
You feel strangely unstable.
You hit the quasit.
Your weapon exudes an aura of protection.
The quasit is severely wounded.
The quasit is stunned by your will and fails to attack.
Your ice beast closely misses the quasit.
You barely miss the centaur warrior.
The centaur warrior hits you with the +10 dark maul {crush}!!!
Ouch! That really hurt!
You die...

..###..P..##..#
....#......#..#
#.#.#.....#####
#.#.##.##.# #.........#
###.##.#### .....#.#
#(#..#.#################.
#∩#.............@........
###....##########c######
###.#### ########5.###
....######.#.....Y...#
##...........###.###..#
##.##..#.#..##.Y#..##...#
...........##..#.#c.##..#
.###.###..##..#.c.#..##.#
#####..##.#..#.Y#..#..#.#


You could see a centaur warrior, a quasit and a friendly ice beast.

Vanquished Creatures
  A manticore (D:8)
  A hippogriff (D:8)
  A shadow (D:8)
  A steam dragon (D:4)
  A water moccasin (D:8)
  An orc warrior (D:8)
  An ice beast (D:6)
  3 phantoms
  3 sky beasts
  A centaur (D:6)
  A bullfrog (D:7)
  2 scorpions (D:7)
  2 killer bees (D:8)
  A water moccasin skeleton (D:6)
  2 wights (D:6)
  2 crimson imps
  2 centaur skeletons
  2 hounds
  2 jellies
  An orc priest (D:4)
  Crazy Yiuf (D:6)
  A bullfrog skeleton (D:8)
  An iguana (D:5)
  3 worker ants
  A hound zombie (D:8)
  A hound skeleton (D:5)
  A gnoll (D:6)
  6 adders
  A river rat (Sewer)
  2 shadow imps (D:8)
  An adder skeleton (D:4)
  2 worms (D:2)
  A dart slug (D:3)
  5 orcs
  4 giant cockroaches
  4 goblins
  4 hobgoblins (D:3)
  2 jackals (D:3)
  3 quokkas (D:4)
  9 bats
  3 kobolds
  A quokka zombie (D:3)
  5 rats
93 creatures vanquished.

Vanquished Creatures (collateral kills)
  Erica (D:8)
  A hungry ghost (D:7)
  2 sky beasts (D:8)
  An orc warrior (D:7)
  An eye of draining (D:8)
  An ogre (D:4)
  A phantom (D:3)
  2 big kobolds
  A gnoll sergeant (D:5)
  A water moccasin skeleton (D:4)
  2 scorpions
  3 killer bees (D:8)
  A wight (D:6)
  2 crimson imps
  2 jellies (D:7)
  An orc priest (D:6)
  A hound (D:5)
  2 centaur skeletons
  A gnoll shaman (D:6)
  An orc wizard (D:6)
  3 worker ants
  Robin (D:3)
  11 gnolls
  6 adders
  A river rat (Sewer)
  An ooze (D:2)
  3 worms (D:2)
  A dart slug (D:1)
  2 leopard geckos
  9 orcs
  A ball python (D:1)
  2 giant cockroaches
  14 goblins
  9 hobgoblins
  A jackal (Sewer)
  8 kobolds
  A quokka (D:3)
  3 bats
  2 frilled lizards
  3 rats
110 creatures vanquished.

Vanquished Creatures (others)
  A hound (D:8)
1 creature vanquished.

Grand Total: 204 creatures vanquished

Notes
Turn   | Place    | Note
-------+----------+-------------------------------------------
     0 | D:1      | mike2R the Merfolk Summoner began the quest for the Orb.
     0 | D:1      | Reached XP level 1. HP: 13/13 MP: 3/3
   519 | D:1      | Reached XP level 2. HP: 19/19 MP: 5/5
   523 | D:1      | Learned a level 2 spell: Call Imp
  1441 | D:2      | Reached XP level 3. HP: 24/24 MP: 1/6
  1445 | D:2      | Reached skill level 5 in Summonings
  1628 | D:2      | Learned a level 3 spell: Call Canine Familiar
  2300 | D:2      | Reached skill level 1 in Polearms
  2383 | D:2      | Reached XP level 4. HP: 30/30 MP: 7/7
  2968 | D:3      | Noticed Robin
  3017 | D:3      | Killed Robin
  3682 | D:3      | Noticed a phantom
  3745 | D:3      | Killed a phantom
  3745 | D:3      | Reached XP level 5. HP: 34/35 MP: 1/8
  4597 | D:3      | Noticed a sky beast
  4885 | D:3      | Killed a sky beast
  4885 | D:3      | Reached XP level 6. HP: 17/41 MP: 8/10
  5201 | D:4      | Learned a level 3 spell: Summon Guardian Golem
  5238 | D:4      | Reached skill level 6 in Summonings
  5248 | D:4      | Gained mutation: You tend to lose your temper in combat. [potion of mutation]
  5248 | D:4      | Gained mutation: You are dopey. (Int -2) [potion of mutation]
  5248 | D:4      | Gained mutation: Your system is resistant to poisons. (rPois) [potion of mutation]
  5248 | D:4      | Gained mutation: You evolve. [potion of mutation]
  5251 | D:4      | Noticed a phantom
  5315 | D:4      | Killed a phantom
  5340 | D:4      | Noticed a steam dragon
  5354 | D:4      | Killed a steam dragon
  5354 | D:4      | Reached XP level 7. HP: 19/46 MP: 3/12
  5509 | D:4      | Found a glowing drain.
  5514 | Sewer    | Entered a sewer
  5763 | Sewer    | Found a white marble altar of Elyvilon.
  6439 | D:5      | Entered Level 5 of the Dungeon
  6476 | D:4      | Reached skill level 7 in Summonings
  6807 | D:5      | Reached skill level 5 in Spellcasting
  6807 | D:5      | Reached XP level 8. HP: 52/52 MP: 15/15
  6813 | D:5      | Learned a level 4 spell: Summon Ice Beast
  6818 | D:5      | Learned a level 4 spell: Summon Lightning Spire
  6946 | D:5      | Gained mutation: Scrolls take you a little longer to read. [evolution]
  7275 | D:5      | Reached skill level 8 in Summonings
  7816 | D:6      | Found Ycusy's Distillery.
  7959 | D:6      | Found a staircase to the Ecumenical Temple.
  8028 | D:6      | Reached skill level 9 in Summonings
  8252 | D:6      | Upgraded the game from 0.20.0-1-g1cb1d84 to 0.20.0-4-g10b340a
  8288 | Temple   | Entered the Ecumenical Temple
  8295 | Temple   | Gained mutation: Your body sometimes deteriorates upon taking damage. [evolution]
  8309 | Temple   | Became a worshipper of Ru the Awakened
  8854 | D:6      | Reached skill level 10 in Summonings
  8854 | D:6      | Reached XP level 9. HP: 49/57 MP: 12/16
  9036 | D:6      | Found a runed door.
  9046 | D:6      | Noticed Crazy Yiuf
  9050 | D:6      | Killed Crazy Yiuf
  9739 | D:7      | Found a stormy altar of Qazlal.
 10094 | D:8      | Reached skill level 1 in Fighting
 10235 | D:8      | Noticed Erica
 10407 | D:8      | Killed Erica
 10407 | D:8      | Reached skill level 5 in Fighting
 10482 | D:8      | Gained mutation: You are robust. (+10% HP) [evolution]
 10482 | D:8      | Lost mutation: You evolve. [end of evolution]
 10488 | D:8      | Found Nopamp's Assorted Antiques.
 10493 | D:8      | Bought a slimy arbalest for 218 gold pieces
 10493 | D:8      | Identified the +4 arbalest of the Saviour {elec, MR+ Stlth+} (You bought it in a shop on level 8 of the Dungeon)
 10687 | D:8      | Reached skill level 1 in Crossbows
 10704 | D:8      | Gained mutation: You are sensitive to extremes of temperature. (rF-, rC-) [Ru sacrifice]
 10704 | D:8      | Reached * piety under Ru
 10704 | D:8      | Reached ** piety under Ru
 10709 | D:8      | Noticed a centaur warrior
 10709 | D:8      | Noticed a manticore
 10710 | D:8      | Noticed a deep elf mage
 10710 | D:8      | Noticed a two-headed ogre
 11055 | D:8      | Upgraded the game from 0.20.0-4-g10b340a to 0.20.0-6-gd3061e9
 11101 | D:8      | Reached XP level 10. HP: 74/81 MP: 13/17
 11169 | D:8      | Killed a manticore
 11314 | D:8      | Mangled by a centaur warrior

Skill      XL: |  1  2  3  4  5  6  7  8  9 10 |
---------------+-------------------------------+-----
Summonings     | 5 6 7 10 | 10.9
Polearms       | 1 4 |  4.8
Spellcasting   | 3 5 |  5.0
Fighting       | 5 |  5.4
Crossbows      | 3 4 |  4.7
Dodging        | |  2.6
Stealth        | |  2.1

Action                   |  1- 3 |  4- 6 |  7- 9 | 10-12 || total
-------------------------+-------+-------+-------+-------++-------
Melee: Club              |    27 |       |       |       ||    27
       Spear             |    43 |   183 |   170 |       ||   396
       Trident           |       |       |   125 |    27 ||   152
 Fire: Hunting sling     |    15 |    10 |    12 |       ||    37
       Arbalest          |       |       |    14 |     1 ||    15
Throw: Stone             |     1 |     1 |     1 |       ||     3
 Cast: Summon Small Mamm |    21 |     2 |     1 |       ||    24
       Call Imp          |    22 |    36 |    52 |       ||   110
       Call Canine Famil |     5 |     8 |    25 |     1 ||    39
       Summon Guardian G |       |     1 |    13 |       ||    14
       Summon Ice Beast  |       |       |    16 |     2 ||    18
       Summon Lightning  |       |       |     1 |       ||     1
Invok: Sacrifice Resista |       |       |     1 |       ||     1
  Use: Scroll            |     4 |     4 |     5 |     1 ||    14
       Potion            |       |     3 |     5 |       ||     8
 Stab: Sleeping          |     3 |     2 |    12 |       ||    17
       Distracted        |       |     2 |     3 |       ||     5
  Eat: Chunk             |     7 |    11 |    10 |     2 ||    30
       Royal jelly       |       |     1 |       |       ||     1
       Meat ration       |       |       |     3 |       ||     3
       Fruit             |       |       |     1 |       ||     1
Armor: Robe              |    18 |    34 |    67 |    24 ||   143
       Leather armour    |     4 |       |       |       ||     4
Dodge: Dodged            |    38 |    70 |   122 |    33 ||   263
